 Dungeon Crawl Stone Soup version 0.30.0-10-gfe55d96785 (webtiles) character file.

Game seed: 7390773846129739861

77 thromnambular the Slasher (level 3, 0/29 HPs)
             Began as a Demigod Reaver on May 14, 2023.
             Slain by Pargi (7 damage)
             ... on level 3 of the Dungeon.
             The game lasted 00:04:44 (1956 turns).

thromnambular the Slasher (Demigod Reaver)          Turns: 1956, Time: 00:04:44

Health: 0/29       AC:  3    Str: 18 (19) XL:     3   Next: 92%
Magic:  8/8        EV: 12    Int: 15      God:
Gold:   86         SH:  0    Dex: 15 (16) Spells: 2/5 levels left

rFire   . . .        a - +0 falchion
rCold   . . .        (no shield)
rNeg    . . .        b - +0 leather armour
rPois   .            (no helmet)
rElec   .            (no cloak)
rCorr   .            (no gloves)
SInv    .            (no boots)
Will    .....        (no amulet)
Stlth   +            d - +6 ring of strength
HPRegen 0.24/turn    (no ring)
MPRegen 0.11/turn

%: no passive effects
@: no status effects
A: high MP 1, forlorn, divine attributes
a: no special abilities


You were on level 3 of the Dungeon.
You visited 1 branch of the dungeon, and saw 3 of its levels.
You also visited: Sewer.

You collected 86 gold pieces.

Inventory:

Hand Weapons
 a - a +0 falchion (weapon)
Armour
 b - a +0 leather armour (worn)
Jewellery
 d - a +6 ring of strength (left hand)
 l - a ring of wizardry
Scrolls
 m - a scroll of magic mapping
Potions
 c - a potion of degeneration
 e - a potion of heal wounds


   Skills:
 - Level 1.7 Fighting
 + Level 4.6 Long Blades
 - Level 1.7 Dodging
 - Level 1.7 Spellcasting
 - Level 2.6 Conjurations


You had 2 spell levels left.
You knew the following spells:

 Your Spells              Type           Power      Damage    Failure   Level
a - Kiss of Death         Conj/Necr      20%        2d7       16%         1
b - Momentum Strike       Conj/Tloc      10%        3d8       24%         2

Your spell library contained the following spells:

 Spells                   Type           Power      Damage    Failure   Level
 Hailstorm                Conj/Ice       5%         3d4       43%         3


Dungeon Overview and Level Annotations

Branches:
Dungeon (3/15)              Sewer (visited)

Annotations:
D:3 Pargi


Innate Abilities, Weirdness & Mutations

You have an increased reservoir of magic. (+10% MP)
You shall have no god before yourself.
Your divine heritage dramatically boosts your attributes as you level up.


Message History

Okay, then.
This is a scroll of acquirement!
Something appears at your feet!
Okay, then.
As you read the scroll labelled PAFACV HIGIG, it crumbles to dust.
It is a scroll of amnesia.
Really abort (and waste the scroll)?
Okay, then.
Pargi barely misses you. Pargi claws you.
* * * LOW HITPOINT WARNING * * *
Pargi claws you.
* * * LOW HITPOINT WARNING * * *
Blink to where?
Press: ? - help, Dir - move target, p - Pargi Splash!
You fall into the shallow water.
Moving in this stuff is going to be slow.
As you read the scroll labelled REPUSK LOGUPU, it crumbles to dust.
It was a scroll of blinking.
You enter the shallow water.
Moving in this stuff is going to be slow.
You enter the shallow water.
Moving in this stuff is going to be slow.
You enter the shallow water.
Moving in this stuff is going to be slow.
Your butterfly disappears in a burst of colours!
There is an empty arch of ancient stone here.
A frilled lizard comes into view.
Pargi hisses menacingly.
There is a gate leading back out of this place here.
Pargi bites you.
* * * LOW HITPOINT WARNING * * *
Pargi closely misses you. Pargi misses you.
Welcome back to the Dungeon!
There is a collapsed entrance here.
Pargi misses you. Pargi closely misses you. Pargi barely misses you.
You see here a potion of heal wounds.
e - a potion of heal wounds Pargi bites you!
You die...

*,* *,* *,,,,,,,. *,* *,*
*****,*,# *,* *,* ***,*,* * **,*
*,* *,,,,,, ****,,*****
*,*************,,,,,* ,,,,,,,,,,*
*,,,,,,,,,,,,,,,,,,,,
****,****.#########********,,,,,,
* *,,,,,.........##### *,,,,,,
******,#..!~.@.....# *,,,,**
*,#.##~~T~≈##.# ****,*
*,#.##≈≈.~~##.# *,*
*.#.≈~.....~~~# *,*
*...~~....^~≈.# *,*
*..........~~.# *,*
*.#.~~.....~≈.# *.#
*,#.~~...~.~~.# #.#
******,#.##~~~~≈##.# #.#


You could see Pargi.

Vanquished Creatures
  A gnoll (D:2)
  2 adders (D:2)
  A river rat (D:3)
  A worm (D:3)
  A dart slug (D:2)
  5 ball pythons
  4 bats
  4 endoplasms
  A giant cockroach (D:1)
  2 goblins (D:3)
  4 hobgoblins
  A quokka (D:2)
  A frilled lizard (D:1)
  2 kobolds (D:1)
  6 rats (D:1)
36 creatures vanquished.

Notes
Turn   | Place    | Note
-------+----------+-------------------------------------------
     0 | D:1      | thromnambular the Demigod Reaver began the quest for the
                  | Orb.
     0 | D:1      | Reached XP level 1. HP: 17/17 MP: 5/5
   256 | D:1      | Reached skill level 3 in Long Blades
   411 | D:1      | Reached XP level 2. HP: 24/24 MP: 7/7
   927 | D:2      | Reached XP level 3. HP: 15/27 MP: 8/8
  1073 | D:2      | Reached skill level 4 in Long Blades
  1523 | D:2      | Learned a level 2 spell: Momentum Strike
  1749 | D:3      | Found a glowing drain.
  1801 | Sewer    | Entered a sewer
  1912 | Sewer    | Noticed Pargi
  1927 | Sewer    | Identified a scroll of acquirement
  1927 | Sewer    | Acquired the +1 pair of boots "Zent" {Will+ Str+2 Int+3}
  1956 | D:3      | Slain by Pargi

Illustrated notes

Levels and vault maps discovered:
D:1:      dpeg_arrival_ratfight, layout_basic, chequers_serial_rivers_room_b,
          chequers_garden, minmay_misc_feat_rugged
D:2:      layout_basic
D:3:      layout_loops_ring, cheibrodos_sewer_entry_sluice, uniq_natasha

Skill      XL: |  1  2  3 |
---------------+----------+-----
Long Blades    | 3 4 |  4.6
Fighting       | |  1.7
Dodging        | |  1.7
Spellcasting   | |  1.7
Conjurations   | |  2.6

Action                     || total
---------------------------++-------
  Melee: Falchion          ||   125
         Punch             ||     1
  Throw: Throwing net      ||     2
   Cast: Kiss of Death     ||     1
    Use: Potion            ||     7
         Scroll            ||     5
   Stab: Held in net/web   ||     1
         Sleeping          ||     1
 Armour: Leather armour    ||    41
  Dodge: Dodged            ||    83
